cohdb
Replays
Latest Replays
All Replays
Popular Replays
Top Player Replays
Match Explorer
How It Works
Community
CoH3 Stats
Reddit
Sign in to upload your games and track your stats! →
Sign in with Steam
Match 46231676
Unlisted
Match 46231676
Overview
Messages
Build Orders
End
Construct Infanterie Kompanie
Selects Mechanized Battlegroup
Grenadier Squad
MG 42 Machine Gun Team
Grenadier Squad
Medical Station
Construct Panzergrenadier Kompanie
Pak 40 Anti-tank Gun Team
Panzergrenadier Squad
Support Elements
Pioneer Squad
StuG III G Assault Gun
Pioneer Squad
Nebelwerfer 42 Rocket Launcher Team
Construct Panzer Kompanie
MG 42 Bunker
Panzer IV Medium Tank
StuG III G Assault Gun
MG 42 Bunker
Selects Spotting Scopes
Selects Raid Package
Selects StuG Assault Group
Selects UNKNOWN (2160084)
Selects UNKNOWN (2160084)
Panther Heavy Tank
Stoßtruppen Squad
Selects Stoßtruppen Assault Package
Selects Zeroing Artillery Barrage
Pioneer Squad
Rico 444
Takeda Shingen
El Noble
裂空
큐티큐티킹왕짱
Kray-Tos
0
0
Comments
sign in to comment!
No comments posted yet!